 Dungeon Crawl Stone Soup version 0.20-a0-433-g9e36e56 (webtiles) character file.

132 Gorice the Skirmisher (level 4, 0/35 HPs)
             Began as a Demonspawn Arcane Marksman on Jan 3, 2017.
             Was an Initiate of Okawaru.
             Killed from afar by Sigmund (3 damage)
             ... with a magic dart
             ... on level 2 of the Dungeon.
             The game lasted 00:15:28 (3252 turns).

Gorice the Skirmisher (Demonspawn Arcane Marksman)  Turns: 3252, Time: 00:15:28

Health: 0/35       AC:  5    Str: 12    XL:     4   Next: 92%
Magic:  5/5        EV: 10    Int: 11    God:    Okawaru [......]
Gold:   93         SH:  0    Dex: 13    Spells: 4/5 levels left

rFire  . . .     SeeInvis .     b - +0 hunting sling
rCold  . . .     Gourm    .     p - +0 ring mail
rNeg   . . .     Faith    .     (no shield)
rPois  .         Spirit   .     (helmet restricted)
rElec  .         Reflect  .     (no cloak)
rCorr  .         Harm     .     (no gloves)
MR     .....     Rnd*Tele +     (no boots)
Stlth  ..........               (no amulet)
                                s - ring of teleportation (curse)
                                g - -3 ring of intelligence (curse)

@: no status effects
A: hooves 1, horns 1
a: Renounce Religion


You were on level 2 of the Dungeon.
You worshipped Okawaru.
Okawaru was noncommittal.
You were not hungry.

You visited 1 branch of the dungeon, and saw 3 of its levels.

You collected 93 gold pieces.

Inventory:

Hand Weapons
 a - a +1 dagger of speed
   (You took it off a kobold on level 1 of the Dungeon)
 b - a +0 hunting sling (weapon)
 d - a +0 short sword
 h - a +0 spear
 l - a +0 whip
 v - a +0 hunting sling
 w - a +0 dagger of protection
   (You took it off a goblin on level 2 of the Dungeon)
 y - a +0 war axe
Missiles
 j - 16 sling bullets (quivered)
 t - 4 javelins
 Y - 2 throwing nets
 Z - 43 stones
Armour
 p - a +0 ring mail (worn)
 q - a +0 robe
 r - a +2 robe of fire resistance
   (You found it on level 2 of the Dungeon)
Jewellery
 g - a cursed -3 ring of intelligence (left hand)
 s - a cursed ring of teleportation (right hand)
Scrolls
 u - a scroll of identify
Potions
 e - a potion of curing
 i - a potion of magic {unknown}
 k - a potion of haste {!q}
 m - a potion of mutation {unknown}
 n - a potion of lignification {unknown}
Books
 x - a book of Debilitation
Comestibles
 c - 9 chunks of flesh
 f - 4 bread rations {!e}
 o - 4 fruits


   Skills:
 + Level 3.4 Fighting
 + Level 3.4 Throwing
 - Level 1.7 Dodging
 - Level 1.0 Spellcasting
 - Level 3.0 Hexes


You had 4 spell levels left.
You knew the following spells:

 Your Spells              Type           Power        Failure   Level  Hunger
a - Corona                Hex            #......      24%         1    ##.....


Dungeon Overview and Level Annotations

Branches:
Dungeon (3/15)

Altars:
Gozag
Makhleb
Okawaru
Xom

Annotations:
D:2 Sigmund
D:3 Jalan's ghost, amateur DEAE


Innate Abilities, Weirdness & Mutations

You have large cloven feet.
You have a pair of small horns on your head.


Message History

You shoot a sling bullet. The gnoll shouts!
The sling bullet hits the gnoll.
The gnoll is lightly wounded.
The gnoll hits you but does no damage.
A gnoll comes into view. It is wielding a spear.
There is a stone staircase leading up here.
Firing (i - inventory. (,) - cycle):
j - 19 sling bullets (quivered)
Press: ? - help, Shift-Dir - straight line, f - gnoll, p - gnoll
Aim: a gnoll You shoot a sling bullet.
The sling bullet barely misses the gnoll.
The gnoll hits you from afar with a spear.
Damage: 2 (max 2) Firing (i - inventory. (,) - cycle):
j - 18 sling bullets (quivered)
Press: ? - help, Shift-Dir - straight line, f/p - gnoll
Aim: a gnoll You shoot a sling bullet.
The sling bullet hits the gnoll!
The gnoll is severely wounded.
The gnoll hits you from afar with a spear. x2
Damage: 6 (max 6) Firing (i - inventory. (,) - cycle):
j - 17 sling bullets (quivered)
Press: ? - help, Shift-Dir - straight line, f/p - gnoll
Aim: a gnoll You shoot a sling bullet.
The sling bullet hits the gnoll.
The gnoll is almost dead.
The gnoll hits you from afar with a spear!
The gnoll hits you from afar with a spear.
* * * LOW HITPOINT WARNING * * *
Damage: 13 (max 13) Unknown command.
The gnoll hits you from afar with a spear.
* * * LOW HITPOINT WARNING * * *
The gnoll hits you from afar with a spear.
* * * LOW HITPOINT WARNING * * *
You climb upwards.
Level annotation: Sigmund
There is a stone staircase leading down here.
Damage: 11 (max 13)
You start resting.
Some of the chunks of flesh in your inventory have rotted away.
Sigmund breathes a few words.
Sigmund's hands start flickering wildly.
Sigmund casts a spell at you. The puff of flame hits you!
* * * LOW HITPOINT WARNING * * *
Damage: 5 (max 5) Sigmund casts a spell at you.
The magic dart hits you!
You die...

....................#
)................#@#####
##.#..#####.....##.....#
##.#..#.......########@#
##.####.####### #.#
##......# #.# ......#.#
#.#
......################@#
................@......#
......################.#
#<...## ### .....#
######


You could see Sigmund.

Vanquished Creatures
  A crimson imp (D:1)
  2 adders (D:2)
  A gnoll (D:2)
  A worm (D:2)
  3 leopard geckos (D:1)
  An orc (D:2)
  2 ball pythons
  A giant cockroach (D:1)
  12 hobgoblins
  6 jackals (D:1)
  7 kobolds
  4 bats
  5 frilled lizards
  9 goblins
  8 rats
63 creatures vanquished.

Notes
Turn   | Place    | Note
-------+----------+-------------------------------------------
     0 | D:1      | Gorice the Demonspawn Arcane Marksman began the quest for the Orb.
     0 | D:1      | Reached XP level 1. HP: 15/15 MP: 2/2
    90 | D:1      | Reached skill level 2 in Throwing
   340 | D:1      | Gained mutation: You have large cloven feet. [demonic ancestry]
   340 | D:1      | Reached XP level 2. HP: 17/21 MP: 0/3
   524 | D:1      | HP: 5/22 [leopard gecko (4)]
   865 | D:1      | Reached skill level 2 in Fighting
  1295 | D:1      | Gained mutation: You have a pair of small horns on your head. [demonic ancestry]
  1295 | D:1      | Reached XP level 3. HP: 27/27 MP: 4/4
  1598 | D:2      | Found a shimmering altar of Xom.
  1598 | D:2      | Found a shimmering altar of Xom.
  1598 | D:2      | Found a shimmering altar of Xom.
  1599 | D:2      | Found a shimmering altar of Xom.
  1599 | D:2      | Found a shimmering altar of Xom.
  1600 | D:2      | Found a shimmering altar of Xom.
  1986 | D:2      | Found a burning altar of Makhleb.
  2088 | D:2      | HP: 6/28 [crimson imp (3)]
  2116 | D:1      | HP: 6/28 [crimson imp (3)]
  2118 | D:1      | Reached skill level 3 in Fighting
  2118 | D:1      | Reached skill level 3 in Throwing
  2118 | D:1      | Reached XP level 4. HP: 7/35 MP: 5/5
  2196 | D:2      | Noticed Sigmund
  2196 | D:2      | HP: 10/35 [Sigmund/puff of flame (6)]
  2785 | D:3      | Found an opulent altar of Gozag.
  2785 | D:3      | Noticed Jalan's ghost (amateur DEAE)
  3078 | D:2      | Found an iron altar of Okawaru.
  3093 | D:2      | Became a worshipper of Warmaster Okawaru
  3210 | D:3      | HP: 8/35 [gnoll/spear (6)]
  3210 | D:3      | HP: 3/35 [gnoll/spear (5)]
  3246 | D:2      | HP: 2/35 [Sigmund/puff of flame (5)]
  3252 | D:2      | Killed from afar by Sigmund

Vault maps used:
D:1:      saegor_arrival_under_anarchy
D:2:      xom_redecorated, makhleb_grotto_becter, okawaru_altar_gauntlet_db,
          uniq_sigmund
D:3:      chequers_temple_overflow_statue_of_worship, first_bread,
          nicolae_gozag_cash_rules_everything_around_me

Skill      XL: |  1  2  3 |
---------------+----------+-----
Throwing       | 2 3 |  3.4
Fighting       | 2 3 |  3.4
Dodging        | |  1.7
Spellcasting   | |  1.0
Hexes          | |  3.0

Action                   |  1- 3 |  4- 6 || total
-------------------------+-------+-------++-------
Melee: Dagger            |   205 |    36 ||   241
       Kick              |    32 |     7 ||    39
       Headbutt          |    12 |     8 ||    20
 Fire: Hunting sling     |       |    21 ||    21
Throw: Javelin           |    28 |       ||    28
       Throwing net      |       |     2 ||     2
 Cast: Corona            |    37 |       ||    37
  Use: Scroll            |     3 |       ||     3
  Eat: Chunk             |     5 |     4 ||     9
Armor: Robe              |    10 |       ||    10
       Ring mail         |    32 |    13 ||    45
Dodge: Dodged            |   118 |    24 ||   142

Table legend:
 A = Turns spent in this place as a percentage of turns spent in the entire game.
 B = Non-inter-level travel turns spent in this place as a percentage of non-inter-level travel turns spent in the entire game.
 C = Inter-level travel turns spent in this place as a percentage of turns spent in this place.
 D = Turns resting spent in this place as a percentage of non-inter-level travel turns spent in this place.
 E = Turns spent auto-exploring this place as a percentage of non-inter-level travel turns spent in this place.
 F = Non-inter-level travel turns spent in this place divided by the number of levels of this place that you've seen.
                   A       B       C       D       E      F
               +-------+-------+-------+-------+-------+----------------------
         Total | 100.0 | 100.0 |   0.5 |   3.7 |   3.5 | 425.0
       Dungeon | 100.0 | 100.0 |   0.5 |   3.7 |   3.5 | 425.0
               +-------+-------+-------+-------+-------+----------------------

Vault maps used:
D:1:      saegor_arrival_under_anarchy
D:2:      xom_redecorated, makhleb_grotto_becter, okawaru_altar_gauntlet_db,
          uniq_sigmund
D:3:      chequers_temple_overflow_statue_of_worship, first_bread,
          nicolae_gozag_cash_rules_everything_around_me
